 Dungeon Crawl Stone Soup version 0.22-a0-812-g4c1e2d5 (webtiles) character file.

115051 Qyllgeth the Peltast (level 16, -6/107 HPs)
             Began as a Gargoyle Fighter on July 22, 2018.
             Was a Priest of Ashenzari.
             Killed from afar by a frost giant (35 damage)
             ... with a bolt of cold
             ... in an ice cave.
             The game lasted 01:46:33 (28965 turns).

Qyllgeth the Peltast (Gargoyle Fighter)            Turns: 28965, Time: 01:46:34

Health: -6/107     AC: 31    Str: 28    XL:     16   Next: 67%
Magic:  0/17       EV: 13    Int: 10    God:    Ashenzari [***...]
Gold:   2056       SH: 19    Dex:  9    Spells: 15/15 levels left

rFire    + + +     SeeInvis +   b - +5 spear "Runned" {pierce, +Rage Str+2}
rCold    . . .     Gourm    .   B - +4 shield "Qiva" {rElec rPois rF+ Slay-2}
rNeg     + . .     Faith    .   c - +1 plate armour of Qazlal's Displeasure {rPois}
rPois    ∞         Spirit   +   (no helmet)
rElec    +         Reflect  .   g - scarf {Spirit}
rCorr    .         Harm     .   d - +2 pair of gloves "Foxuroiwn" {rF++}
MR       +++..     Rnd*Tele +   y - +2 pair of boots {run}
Stlth    ..........             r - amulet of regeneration
HPRegen  0.67/turn              i - ring of see invisible
MPRegen  0.15/turn              K - ring of protection from magic

@: quick
A: big wings, repulsion field 1, deformed body, magic resistance 1, negative
energy resistance 1, screaming 1, shaggy fur 1, electricity resistance,
teleportitis 1, unbreathing, petrification resistance, rot immunity, AC +12
a: Fly, Curse Item, Scrying, Renounce Religion, Evoke Berserk Rage


You were in an ice cave.
You worshipped Ashenzari.
Ashenzari was most pleased with you.
You were not hungry.

You visited 3 branches of the dungeon, and saw 22 of its levels.
You also visited: Ice Cave.

You collected 2056 gold pieces.

Inventory:

Hand Weapons
 a - a +0 flail of freezing
 b - the +5 spear "Runned" (weapon) {pierce, +Rage Str+2}
   (You found it on level 9 of the Dungeon)

   It inflicts extra damage upon your enemies.
   It affects your strength (+2).
   It lets you go berserk.
 M - the +7 mace of Variability {chain chaos}
   (You found it on level 13 of the Dungeon)

   Each time it hits an enemy it has a different, random effect.
 Y - the +10 dark maul {crush}
   (You found it on level 6 of the Lair of Beasts)

   It inflicts extra damage upon your enemies.
Armour
 c - the +1 plate armour of Qazlal's Displeasure (worn) {rPois}
   (You found it on level 11 of the Dungeon)

   It protects you from poison.
 d - the +2 pair of gloves "Foxuroiwn" (worn) {rF++}
   (You found it on level 1 of the Lair of Beasts)

   It greatly protects you from fire.
 g - a scarf of spirit shield (worn)
 x - a +2 ring mail of fire resistance
 y - a +2 pair of boots of running (worn)
 B - the +4 shield "Qiva" (worn) {rElec rPois rF+ Slay-2}
   (You found it on level 10 of the Dungeon)

   It affects your accuracy and damage with ranged weapons and melee attacks
   (-2).
   It protects you from fire.
   It insulates you from electricity.
   It protects you from poison.
 X - the +2 ring mail of the Iron City of Dis {-Tele +Inv Regen+}
   (You found it on level 15 of the Dungeon)

   It lets you turn invisible.
   It prevents most forms of teleportation.
   It increases your rate of regeneration.
Jewellery
 i - a ring of see invisible (left hand)
 r - an amulet of regeneration (around neck)
 z - an uncursed ring of protection from fire
 K - a ring of protection from magic (right hand)
 W - a +2 ring of protection
Wands
 A - a wand of polymorph (7)
 G - a wand of acid (10)
 H - a wand of random effects (85)
 L - a wand of clouds (4)
 N - a wand of enslavement (14)
 O - a wand of digging (12)
 Q - a wand of flame (76)
 U - a wand of iceblast (17)
Scrolls
 h - 12 scrolls of remove curse
 j - 3 scrolls of amnesia
 k - a scroll of fear
 o - 4 scrolls of identify
 v - 7 scrolls of teleportation
 F - 2 scrolls of enchant weapon
 I - a scroll of summoning
 J - 2 scrolls of magic mapping
 R - a scroll of blinking
Potions
 l - 4 potions of lignification
 n - 2 potions of brilliance
 p - 3 potions of agility
 q - a potion of might
 s - 3 potions of magic
 t - 2 potions of flight {unknown}
 u - 9 potions of curing
 w - a potion of resistance {unknown}
 D - a potion of ambrosia {unknown}
 E - 3 potions of heal wounds
 P - a potion of invisibility {unknown}
 S - a potion of cancellation
Miscellaneous
 e - a fan of gales
 T - a phantom mirror
Comestibles
 f - 35 rations
 m - 5 chunks of flesh


   Skills:
 * Level 14.9 Fighting
 - Level 8.5 Maces & Flails
 + Level 11.9 Polearms
 * Level 11.5 Armour
 + Level 8.8 Dodging
 + Level 1.9 Stealth
 + Level 16.5 Shields
 + Level 2.0 Evocations


You had 15 spell levels left.
You didn't know any spells.
Your spell library contained the following spells:

 Spells                   Type           Power        Failure   Level  Hunger
 Cause Fear               Hex            #.........   100%        4    #####..
 Magic Dart               Conj           #...         96%         1    ##.....
 Conjure Flame            Conj/Fire      #.......     100%        3    ####...
 Slow                     Hex            #.......     99%         2    ###....
 Mephitic Cloud           Conj/Pois/Air  #.......     100%        3    ####...
 Blink                    Tloc           N/A          99%         2    ###....
 Animate Dead             Necr           N/A          100%        4    #####..
 Pain                     Necr           #...         96%         1    ##.....
 Animate Skeleton         Necr           N/A          96%         1    ##.....
 Vampiric Draining        Necr           #.........   100%        3    ####...
 Call Imp                 Summ           #.......     99%         2    ###....
 Regeneration             Chrm/Necr      #.........   100%        3    ####...
 Sublimation of Blood     Necr           #.........   99%         2    ###....
 Deflect Missiles         Chrm/Air       #.........   100%        6    #######
 Ignite Poison            Fire/Tmut/Pois #.......     100%        3    ####...
 Silence                  Hex/Air        #.........   100%        5    ######.
 Alistair's Intoxication  Tmut/Pois      #.......     100%        5    ######.
 Petrify                  Tmut/Erth      #.......     100%        4    #####..
 Discord                  Hex            #.........   100%        8    #######
 Irradiate                Conj/Tmut      #.........   100%        5    ######.
 Yara's Violent Unravell  Hex/Tmut       #.........   100%        5    ######.


Dungeon Overview and Level Annotations

Branches:
Dungeon (15/15)            Temple (1/1) D:4            Lair (6/6) D:10
 Shoals (0/4) Lair:2        Snake (0/4) Lair:4        Slime (0/5) Lair:6
    Orc (0/2) D:10         Vaults (0/5) D:14         Depths (0/5) D:15

Altars:
Ashenzari
Cheibriados
Dithmenos
Elyvilon
Fedhas
Gozag
Hepliaklqana
Kikubaaqudgha
Makhleb
Nemelex Xobeh
Okawaru
Qazlal
Ru
Sif Muna
Trog
Uskayaw
Vehumet
Wu Jian
Xom
Yredelemnul
Zin
The Shining One

Shops:
D:5 =   D:8 *

Annotations:
D:4 Menkaure


Innate Abilities, Weirdness & Mutations

You are resistant to torment.
Your stone body is resilient. (AC +12)
You are immune to poison.
Your large and strong wings let you fly indefinitely.
You resist negative energy. (rN+)
You are resistant to electric shocks. (rElec)
You can survive without breathing.
You are immune to petrification.
You are immune to rotting.
You are surrounded by a mild repulsion field. (EV +2)
Armour fits poorly on your strangely shaped body.
You are resistant to hostile enchantments. (MR+)
You occasionally shout uncontrollably at your foes.
You are covered in fur. (AC +1)
You are occasionally teleported next to monsters.


Message History

The frost giant is severely wounded.
You puncture the frost giant!
The frost giant is almost dead.
The frost giant points at you and mumbles some strange words.
The bolt of cold hits you!
You hit the frost giant.
The frost giant is almost dead.
You puncture the frost giant!
The frost giant is almost dead.
The frost giant points at you and mumbles some strange words.
The bolt of cold hits you!
* * * LOW HITPOINT WARNING * * *
You are too injured to fight recklessly!
You are too injured to fight recklessly!
You are too injured to fight recklessly!
You are too injured to fight recklessly!
You are too injured to fight recklessly!
The frost giant casts a spell at you. The bolt of cold hits you!
You die...

* .YC.h* * ≈≈ ≈ ...Yh#* ≈ ≈ ≈≈
* ***h{h{#* ≈ ## *{{.## *≈ ≈
#. * #..##**≈ ##
##..##≈≈≈####.
###..###≈≈≈##..# ###
###...##≈≈≈≈≈≈##..
###.#####@.##h#≈≈≈≈≈≈≈≈#..
###..#.##..#.#{h≈≈≈≈≈≈≈≈≈###
#..####..####C#.##≈≈≈≈≈≈≈##.
###..# #######..##≈≈≈≈≈≈≈##..
##...## ###...#### ≈≈#≈≈†####.
#..⌠..###...#....######≈?≈####
##...###..####.....##..##≈≈##.
##......## ##......######≈.#
######## ######## ####


You could see a frost giant.

Vanquished Creatures
  Rupert (D:13)
  Frances (D:13)
  3 tengu reavers (D:11)
  A cacodemon (D:12)
  The ghost of TheSlyBlade the Cleaver, a journeyman DDFi of Makhleb (Lair:6)
  A very ugly thing (D:11)
  The ghost of Trogdor the Severer, a journeyman HOBe of Trog (Lair:5)
  A deep elf annihilator (D:11)
  The ghost of WhatGod the Tainter, a journeyman DgVM (D:12)
  Harold (D:9)
  Josephine (D:12)
  A yaktaur captain (D:11)
  A vault guard (D:14)
  7 hydras
  A catoblepas (D:14)
  2 centaur warriors
  A deep troll earth mage (D:11)
  7 death yaks
  3 tengu warriors
  9 two-headed ogres
  A shock serpent (shapeshifter) (D:11)
  5 skeletal warriors (D:13)
  3 unseen horrors
  3 wizards (D:14)
  A glowing orange brain (D:13)
  A spectral hydra (Lair:6)
  A harpy (shapeshifter) (D:11)
  A wolf spider zombie (D:15)
  2 necromancers (D:14)
  An obsidian statue (D:13)
  7 ugly things
  A deep elf mage (D:13)
  2 harpies (D:11)
  A cyclops (D:15)
  An oklob plant (Lair:3)
  5 manticores
  4 black mambas
  2 centaur zombies
  9 elephants
  An ice statue (IceCv)
  2 gargoyles
  9 komodo dragons
  An efreet (D:13)
  7 spiny frogs
  3 rime drakes
  A tengu conjurer (D:13)
  3 merfolk
  6 trolls
  15 blink frogs
  25 polar bears
  A wandering mushroom (Lair:3)
  7 hornets
  3 slime creatures
  9 hippogriffs
  8 dream sheep
  A spectral black mamba (Lair:6)
  14 spriggans
  3 shadows
  2 wyverns (D:13)
  2 vampires
  4 wraiths (D:12)
  A hungry ghost (D:11)
  A hog (shapeshifter) (D:12)
  20 humans (D:14)
  A spectral komodo dragon (Lair:6)
  97 yaks
  2 basilisks (Lair:2)
  Grum (D:9)
  2 chaos spawn (D:13)
  3 neqoxecs (D:12)
  A steam dragon (D:13)
  3 vampire mosquitoes (D:13)
  A hydra simulacrum (Lair:6)
  4 acid dragons
  2 hell hounds (D:10)
  3 porcupines
  A soldier ant (D:12)
  6 water moccasins
  2 ice beasts
  5 black bears
  3 phantoms
  An eye of draining (D:14)
  5 orc warriors
  4 sky beasts
  A black mamba simulacrum (Lair:6)
  5 ogres
  38 wolves
  4 boggarts (Lair:6)
  A wolf (shapeshifter) (D:12)
  A necrophage (D:6)
  8 centaurs
  19 crocodiles
  2 big kobolds
  19 bullfrogs
  3 scorpions
  A scorpion (shapeshifter) (D:12)
  A dream sheep simulacrum (Lair:6)
  3 killer bees (D:11)
  5 wights (D:13)
  2 howler monkeys
  A bullfrog zombie (D:12)
  5 electric eels
  7 crimson imps
  2 quasits
  2 hounds
  4 jellies
  13 orc priests
  Crazy Yiuf (D:3)
  10 bullfrog skeletons
  7 centaur skeletons
  9 worker ants
  8 iguanas
  12 orc wizards
  Terence (D:3)
  2 killer bee zombies
  A hound zombie (D:6)
  A hound skeleton (D:11)
  12 gnolls
  6 worker ant zombies
  15 adders
  4 shadow imps
  12 white imps (D:15)
  An ooze (D:3)
  2 adder zombies
  An adder skeleton (D:6)
  A worm (D:2)
  5 leopard geckos
  48 orcs
  5 ball pythons (D:4)
  10 giant cockroaches
  8 goblins
  13 hobgoblins
  13 jackals
  6 quokkas
  8 bats
  7 frilled lizards
  A jackal skeleton (D:5)
  14 kobolds
  A leopard gecko skeleton (D:4)
  A leopard gecko zombie (D:6)
  A quokka skeleton (D:7)
  A quokka zombie (D:6)
  8 rats
  A fungus (Lair:5)
796 creatures vanquished.

Vanquished Creatures (others)
  2 wolves (IceCv)
  A wight (D:13)
  2 gnolls (D:11)
  A gnoll (shapeshifter) (D:12)
  An adder (D:11)
  An orc (D:11)
  2 kobolds
  11 fungi
  9 plants
30 creatures vanquished.

Grand Total: 826 creatures vanquished

Notes
Turn   | Place    | Note
-------+----------+-------------------------------------------
     0 | D:1      | Qyllgeth the Gargoyle Fighter began the quest for the Orb.
     0 | D:1      | Reached XP level 1. HP: 14/14 MP: 1/1
    95 | D:1      | Reached XP level 2. HP: 14/19 MP: 2/2
   226 | D:1      | Reached XP level 3. HP: 8/23 MP: 3/3
   981 | D:2      | Found a faded altar of an unknown god.
  1011 | D:2      | Reached skill level 4 in Shields
  1031 | D:2      | Became a worshipper of Sif Muna the Loreminder
  1031 | D:2      | Reached * piety under Sif Muna
  1160 | D:2      | Reached XP level 4. HP: 20/28 MP: 2/4
  1261 | D:2      | Noticed a bullfrog
  1273 | D:2      | Killed a bullfrog
  1273 | D:2      | Reached XP level 5. HP: 26/32 MP: 3/5
  1622 | D:3      | Reached skill level 1 in Dodging
  1726 | D:3      | Identified a +0 pair of boots of running (You found it on level 3 of the Dungeon)
  1731 | D:3      | Noticed Terence
  1750 | D:3      | Killed Terence
  2107 | D:3      | Found a runed door.
  2302 | D:3      | Reached XP level 6. HP: 38/38 MP: 6/6
  2406 | D:3      | Noticed Crazy Yiuf
  2489 | D:3      | Killed Crazy Yiuf
  2512 | D:4      | Found a staircase to the Ecumenical Temple.
  2538 | D:4      | Noticed a phantom
  2574 | D:4      | Killed a phantom
  2637 | D:4      | Noticed Menkaure
  2895 | D:4      | Gained mutation: Armour fits poorly on your strangely shaped body. [potion of mutation]
  2895 | D:4      | Gained mutation: You are partially covered in thin metallic scales. (AC +2) [potion of mutation]
  2895 | D:4      | Gained mutation: You have very sharp teeth. [potion of mutation]
  3039 | D:4      | Reached skill level 5 in Maces & Flails
  3058 | D:4      | Reached XP level 7. HP: 43/43 MP: 7/7
  3076 | D:4      | Reached skill level 5 in Shields
  3643 | D:5      | Entered Level 5 of the Dungeon
  3881 | D:5      | HP: 1/44 [orc priest/divine providence (12)]
  4052 | D:5      | Found Xyopaq's Jewellery Boutique.
  4407 | D:6      | Reached XP level 8. HP: 44/48 MP: 6/8
  4488 | D:6      | Reached skill level 5 in Fighting
  4496 | D:6      | Reached ** piety under Sif Muna
  4525 | D:6      | Reached skill level 6 in Shields
  4831 | D:6      | Reached XP level 9. HP: 47/55 MP: 9/9
  5877 | D:7      | Reached skill level 5 in Armour
  5954 | D:7      | Reached skill level 7 in Shields
  6348 | Temple   | Entered the Ecumenical Temple
  6533 | Temple   | Fell from the grace of Sif Muna
  6533 | Temple   | Became a worshipper of Ashenzari the Shackled
  6834 | D:8      | Noticed a troll
  6862 | D:8      | Killed a troll
  6995 | D:8      | Noticed a two-headed ogre
  7221 | D:8      | Found Abbuzog's General Store.
  7501 | D:8      | Killed a two-headed ogre
  7501 | D:8      | Reached XP level 10. HP: 48/61 MP: 7/10
  7879 | D:8      | Noticed a two-headed ogre
  7941 | D:8      | Killed a two-headed ogre
  7941 | D:8      | Reached skill level 8 in Shields
  7941 | D:8      | Reached skill level 1 in Evocations
  8102 | D:8      | Noticed a two-headed ogre
  8210 | D:8      | Killed a two-headed ogre
  8210 | D:8      | Reached skill level 1 in Stealth
  8490 | D:9      | Got the spear "Runned" {pierce, +Rage Str+2}
  8491 | D:9      | Identified the +5 spear "Runned" {pierce, +Rage Str+2} (You found it on level 9 of the Dungeon)
  8555 | D:9      | Noticed a two-headed ogre
  8690 | D:9      | Found a white marble altar of Elyvilon.
  8724 | D:9      | Killed a two-headed ogre
  8838 | D:9      | Noticed a two-headed ogre
  8948 | D:9      | Killed a two-headed ogre
  8948 | D:9      | Reached skill level 5 in Dodging
  9089 | D:9      | Noticed Harold
  9386 | D:9      | Noticed a manticore
  9398 | D:9      | Killed a manticore
  9398 | D:9      | Reached XP level 11. HP: 5/69 MP: 1/11
  9556 | D:9      | Noticed Grum
  9598 | D:9      | Killed Grum
  9676 | D:9      | Killed Harold
  9676 | D:9      | Reached skill level 9 in Shields
 10169 | D:10     | Entered Level 10 of the Dungeon
 10200 | D:10     | Noticed a manticore
 10226 | D:10     | Killed a manticore
 10245 | D:10     | Reached skill level 5 in Polearms
 10317 | D:10     | Found a staircase to the Lair.
 10356 | D:10     | Reached * piety under Ashenzari
 10734 | D:10     | Found a staircase to the Orcish Mines.
 10886 | D:10     | Got the uncursed shield "Qiva" {rElec rPois rF+ Slay-2}
 10897 | D:10     | Identified the +4 shield "Qiva" {rElec rPois rF+ Slay-2} (You found it on level 10 of the Dungeon)
 11234 | D:10     | Noticed a two-headed ogre
 11249 | D:10     | Killed a two-headed ogre
 11389 | Lair:1   | Entered Level 1 of the Lair of Beasts
 11395 | Lair:1   | Reached skill level 10 in Fighting
 11626 | Lair:1   | Noticed a seven-headed hydra
 11725 | Lair:1   | Killed a seven-headed hydra
 11725 | Lair:1   | Reached skill level 10 in Shields
 11812 | Lair:1   | Reached XP level 12. HP: 59/77 MP: 8/12
 12419 | Lair:1   | Got the uncursed pair of gloves "Foxuroiwn" {rF++}
 12431 | Lair:1   | Identified the +2 pair of gloves "Foxuroiwn" {rF++} (You found it on level 1 of the Lair of Beasts)
 12774 | Lair:2   | Noticed a six-headed hydra
 12790 | Lair:2   | Killed a six-headed hydra
 13466 | Lair:2   | Found a staircase to the Shoals.
 13780 | Lair:3   | Reached skill level 11 in Shields
 14886 | Lair:4   | Noticed an eight-headed hydra
 14909 | Lair:3   | Killed an eight-headed hydra
 14982 | Lair:4   | Reached XP level 13. HP: 74/84 MP: 12/14
 15547 | Lair:4   | Found a staircase to the Snake Pit.
 15552 | Lair:4   | Reached ** piety under Ashenzari
 15598 | Lair:4   | Reached skill level 12 in Shields
 16231 | Lair:5   | Found a runed door.
 16232 | Lair:5   | Noticed Trogdor's ghost (journeyman HOBe)
 17459 | Lair:6   | Entered Level 6 of the Lair of Beasts
 17459 | Lair:6   | Found the +10 dark maul {crush}
 17663 | Lair:6   | Reached skill level 13 in Shields
 17797 | Lair:6   | Gained mutation: Your large and strong wings let you fly indefinitely. [Gargoyle growth]
 17797 | Lair:6   | Reached XP level 14. HP: 48/92 MP: 10/15
 18589 | Lair:6   | Found a staircase to the Slime Pits.
 18635 | Lair:6   | Found a runed gate.
 18635 | Lair:6   | Found a runed gate.
 18635 | Lair:6   | Found a runed gate.
 19189 | Lair:6   | Reached skill level 10 in Polearms
 19493 | Lair:6   | Was forgiven by Sif Muna
 19655 | Lair:6   | Noticed TheSlyBlade's ghost (journeyman DDFi)
 19718 | Lair:6   | Killed TheSlyBlade's ghost
 19926 | Lair:5   | Killed Trogdor's ghost
 20223 | D:11     | Reached skill level 14 in Shields
 20329 | D:11     | Noticed a deep elf annihilator
 20672 | D:11     | Killed a deep elf annihilator
 20943 | D:11     | Reached XP level 15. HP: 99/99 MP: 16/16
 21225 | D:11     | Lost mutation: Armour fits poorly on your strangely shaped body. [potion of mutation]
 21225 | D:11     | Lost mutation: You are partially covered in thin metallic scales. (AC +2) [potion of mutation]
 21225 | D:11     | Gained mutation: You are frail. (-10% HP) [potion of mutation]
 21225 | D:11     | Gained mutation: You are resistant to hostile enchantments. (MR+) [potion of mutation]
 21225 | D:11     | Gained mutation: You are somewhat resistant to further mutation. [potion of mutation]
 21262 | D:11     | Noticed a tengu reaver
 21678 | D:11     | Killed a tengu reaver
 21806 | D:11     | Noticed a tengu reaver
 22035 | D:11     | Killed a tengu reaver
 22116 | D:11     | Noticed a tengu reaver
 22453 | D:11     | Killed a tengu reaver
 22768 | D:11     | Got the uncursed plate armour of Qazlal's Displeasure {rPois}
 22783 | D:11     | Identified the +1 plate armour of Qazlal's Displeasure {rPois} (You found it on level 11 of the Dungeon)
 23079 | D:12     | Found a runed gate.
 23079 | D:12     | Found a runed gate.
 23079 | D:12     | Found a runed gate.
 23230 | D:12     | Reached skill level 10 in Armour
 23295 | D:12     | Found a radiant altar of Vehumet.
 23464 | D:12     | Noticed Josephine
 24005 | D:12     | Reached skill level 15 in Shields
 24045 | D:12     | Killed Josephine
 24822 | D:12     | Found a runed gate.
 24822 | D:12     | Found a runed gate.
 24826 | D:12     | Found a runed gate.
 24833 | D:12     | Noticed a cacodemon
 24840 | D:12     | Noticed WhatGod's ghost (journeyman DgVM)
 24847 | D:12     | Lost mutation: You are frail. (-10% HP) [potion of mutation]
 24847 | D:12     | Lost mutation: You are somewhat resistant to further mutation. [potion of mutation]
 24847 | D:12     | Lost mutation: You are resistant to hostile enchantments. (MR+) [potion of mutation]
 24847 | D:12     | Gained mutation: You have sharp toenails. [potion of mutation]
 24847 | D:12     | Gained mutation: You expend magic power (3 MP) to strengthen your wands. [potion of mutation]
 24847 | D:12     | Gained mutation: You are frail. (-10% HP) [potion of mutation]
 24847 | D:12     | Gained mutation: You are covered in fur. (AC +1) [potion of mutation]
 25017 | D:13     | Lost mutation: You expend magic power (3 MP) to strengthen your wands. [potion of mutation]
 25017 | D:13     | Lost mutation: You have sharp toenails. [potion of mutation]
 25017 | D:13     | Lost mutation: You are frail. (-10% HP) [potion of mutation]
 25017 | D:13     | Lost mutation: You have very sharp teeth. [potion of mutation]
 25017 | D:13     | Gained mutation: Armour fits poorly on your strangely shaped body. [potion of mutation]
 25017 | D:13     | Gained mutation: You are agile. (Dex +2) [potion of mutation]
 25593 | D:13     | Found a shimmering altar of Xom.
 25596 | D:13     | Found the +7 mace of Variability {chain chaos}
 25868 | D:13     | Reached *** piety under Ashenzari
 25873 | D:13     | Noticed Rupert
 25933 | D:13     | Killed Rupert
 25933 | D:13     | Reached XP level 16. HP: 83/106 MP: 13/17
 26147 | D:13     | Noticed Frances
 26174 | D:13     | Killed Frances
 26327 | D:12     | Gained mutation: Your body sometimes deteriorates upon taking damage. [a cacodemon]
 26334 | D:12     | Gained mutation: Your body often deteriorates upon taking damage. [a cacodemon]
 26337 | D:12     | Gained mutation: You occasionally shout uncontrollably at your foes. [a neqoxec]
 26348 | D:12     | Gained mutation: You are occasionally teleported next to monsters. [a neqoxec]
 26361 | D:12     | Gained mutation: You sometimes yell uncontrollably at your foes. [a neqoxec]
 26426 | D:12     | Gained mutation: You do not regenerate when monsters are visible. [a neqoxec]
 26473 | D:12     | Killed WhatGod's ghost
 26497 | D:12     | Lost mutation: Your body often deteriorates upon taking damage. [potion of mutation]
 26497 | D:12     | Lost mutation: Armour fits poorly on your strangely shaped body. [potion of mutation]
 26497 | D:12     | Lost mutation: You sometimes yell uncontrollably at your foes. [potion of mutation]
 26497 | D:12     | Gained mutation: Scrolls take you a little longer to read. [potion of mutation]
 26497 | D:12     | Gained mutation: You have sharp toenails. [potion of mutation]
 26498 | D:12     | Lost mutation: Your body sometimes deteriorates upon taking damage. [potion of mutation]
 26498 | D:12     | Lost mutation: You are agile. (Dex +2) [potion of mutation]
 26498 | D:12     | Lost mutation: You do not regenerate when monsters are visible. [potion of mutation]
 26498 | D:12     | Lost mutation: Scrolls take you a little longer to read. [potion of mutation]
 26498 | D:12     | Gained mutation: You are surrounded by a mild repulsion field. (EV +2) [potion of mutation]
 26498 | D:12     | Gained mutation: You are agile. (Dex +2) [potion of mutation]
 26499 | D:12     | Lost mutation: You have sharp toenails. [potion of mutation]
 26499 | D:12     | Lost mutation: You are agile. (Dex +2) [potion of mutation]
 26499 | D:12     | Gained mutation: You are resistant to hostile enchantments. (MR+) [potion of mutation]
 26508 | D:12     | Gained mutation: You are clumsy. (Dex -2) [mutagenic glow]
 26550 | D:12     | Gained mutation: Armour fits poorly on your strangely shaped body. [mutagenic glow]
 26652 | D:13     | Lost mutation: You are clumsy. (Dex -2) [mutagenic glow]
 27046 | D:14     | Reached skill level 16 in Shields
 27209 | D:14     | Found a gate to the Vaults.
 27807 | D:15     | Entered Level 15 of the Dungeon
 27819 | D:15     | Got the uncursed ring mail of the Iron City of Dis {-Tele +Inv Regen+}
 27830 | D:15     | Identified the +2 ring mail of the Iron City of Dis {-Tele +Inv Regen+} (You found it on level 15 of the Dungeon)
 28025 | D:15     | Found a frozen archway.
 28073 | IceCv    | Entered an ice cave
 28965 | IceCv    | Killed from afar by a frost giant

Vault maps used:
D:1:      sevenhm_arrival_forest_fort_small_3, kennysheep_another_room
D:2:      chequers_ecumenical_altar_simple_redux, minmay_misc_feat_alley
D:3:      minmay_mini_jars, uniq_terence, uniq_crazy_yiuf_cottage
D:4:      cheibrodos_pilgrimage, minmay_temple_entry_from_below_a, first_ration,
          minmay_snake_closets, uniq_menkaure
D:5:      serial_shops, shop_fountains
D:6:      serial_undead, serial_undead_f, serial_undead_e, serial_undead_c,
          serial_undead_d, serial_undead_a, serial_undead_d
D:8:      serial_shops, kennysheep_mini_moat
D:9:      lemuel_crystal_altar, uniq_grum, uniq_harold
D:10:     minmay_lair_entry_lava, hiddenorc1_lemuel
D:11:     minmay_tile_spiral, hangedman_stone_soup
D:12:     ploomutoo_gammafunk_ghost_potion_laboratory, basic_altar,
          uniq_josephine
D:13:     corexii_corridor_pit, minivault_24, minivault_16,
          minmay_guarded_unrand_variability, uniq_rupert, uniq_frances
D:14:     grunt_vaults_entry_tiered, minivault_4, dk_noncrumbling_4
D:15:     grunt_enter_depths_hoard, nicolae_benzene_ring,
          portal_ice_cave_entry_imps, basic_altar, ebering_ghost_xom,
          nicolae_dithmenos_the_darkroom
Temple:   kilobyte_greek_temple
Lair:1:   cheibrodos_lair_lostbears, lemuel_fruit_tree, serial_bayou_shore_b
Lair:2:   elwin_shoals_entry_rooms, minivault_25
Lair:3:   dpeg_oklob_shooting_range, st_stairs_9, serial_bayou_shore_b
Lair:4:   dummy_snake_entry
Lair:5:   ebering_ghost_reflecting_pool, nicolae_quartered_pool_super,
          grunt_forest_stairs_clearing
Lair:6:   minmay_lair_end_enchanted_forest, minmay_slime_entry_pillars,
          gammafunk_ghost_necromancy, st_stairs_10, infiniplex_staircase_pool_2,
          grunt_megastairs_3
IceCv:    ice_cave_caverns_02

Skill      XL: |  1  2  3  4  5  6  7  8  9 10 11 12 13 14 15 16 |
---------------+-------------------------------------------------+-----
Shields        | 4 5 6 7 8 10 11 13 14 15 16 | 16.5
Maces & Flails | 3 4 5 7 8 |  8.5
Dodging        | 1 2 3 4 5 6 7 8 |  8.8
Armour         | 4 6 7 8 9 10 11 | 11.5
Fighting       | 4 5 6 8 10 11 12 13 14 | 14.9
Evocations     | 1 2 |  2.0
Stealth        | 1 |  1.9
Polearms       | 3 6 7 9 10 11 | 11.9

Action                   |  1- 3 |  4- 6 |  7- 9 | 10-12 | 13-15 | 16-18 || total
-------------------------+-------+-------+-------+-------+-------+-------++-------
Melee: Flail             |   160 |   273 |   601 |    44 |       |       ||  1078
       Bite              |       |     1 |    67 |   131 |   387 |       ||   586
       Unarmed           |       |     1 |       |       |       |       ||     1
       Spear             |       |       |       |  1098 |  3516 |  1308 ||  5922
 Abil: Evoke Berserk Rag |       |       |       |       |     1 |       ||     1
Evoke: Wand              |       |       |     4 |    20 |     1 |       ||    25
  Use: Scroll            |       |     1 |     8 |     9 |    12 |     1 ||    31
       Potion            |       |     1 |       |     9 |    17 |     4 ||    31
  Eat: Chunk             |     1 |     7 |    10 |    17 |    29 |     8 ||    72
       Ration            |       |       |     1 |     2 |     3 |     1 ||     7
Armor: Scale mail        |   113 |    82 |       |       |       |       ||   195
       Ring mail         |       |    83 |   352 |   364 |   677 |       ||  1476
       Skin              |       |       |       |    33 |     4 |       ||    37
       Plate armour      |       |       |       |       |   357 |   362 ||   719
Dodge: Dodged            |    65 |   116 |   301 |   411 |   996 |   306 ||  2195
Block: Shield            |   126 |   178 |   442 |   791 |  2529 |   915 ||  4981

Table legend:
 A = Spawn XP
 B = Non-spawn XP
 C = Spawn XP percentage of total XP
 D = Spawn monster count
 E = Non-spawn monster count
 F = Spawn count percentage of total count
 G = Total turns spent on level
                    A         B        C        D         E        F      G
               +---------+---------+-------+---------+---------+-------+---------
         Total |       0 |  164359 |   0.0 |       0 |     796 |   0.0 | 28965
               +---------+---------+-------+---------+---------+-------+---------
           D:1 |       0 |      46 |   0.0 |       0 |      29 |   0.0 |   974
           D:2 |       0 |     158 |   0.0 |       0 |      25 |   0.0 |   655
           D:3 |       0 |     155 |   0.0 |       0 |      25 |   0.0 |  1006
           D:4 |       0 |     360 |   0.0 |       0 |      27 |   0.0 |  1040
           D:5 |       0 |     288 |   0.0 |       0 |      11 |   0.0 |   815
           D:6 |       0 |    1570 |   0.0 |       0 |      47 |   0.0 |  1073
           D:7 |       0 |     610 |   0.0 |       0 |      21 |   0.0 |  1208
           D:8 |       0 |    3441 |   0.0 |       0 |      19 |   0.0 |  1654
           D:9 |       0 |    5254 |   0.0 |       0 |      34 |   0.0 |  1520
          D:10 |       0 |    5416 |   0.0 |       0 |      48 |   0.0 |  2318
          D:11 |       0 |   22713 |   0.0 |       0 |      58 |   0.0 |  2747
          D:12 |       0 |   16297 |   0.0 |       0 |      54 |   0.0 |  1502
          D:13 |       0 |   20892 |   0.0 |       0 |      62 |   0.0 |  1370
          D:14 |       0 |   12052 |   0.0 |       0 |      42 |   0.0 |  1108
          D:15 |       0 |    4615 |   0.0 |       0 |      19 |   0.0 |   266
        Lair:1 |       0 |    5125 |   0.0 |       0 |      19 |   0.0 |  1094
        Lair:2 |       0 |    4336 |   0.0 |       0 |      19 |   0.0 |  1198
        Lair:3 |       0 |    6947 |   0.0 |       0 |      24 |   0.0 |  1178
        Lair:4 |       0 |    8136 |   0.0 |       0 |      28 |   0.0 |  1067
        Lair:5 |       0 |   10480 |   0.0 |       0 |      36 |   0.0 |  1961
        Lair:6 |       0 |   25730 |   0.0 |       0 |     104 |   0.0 |  2095
         IceCv |       0 |    9738 |   0.0 |       0 |      45 |   0.0 |   892
               +---------+---------+-------+---------+---------+-------+---------
